 Dungeon Crawl Stone Soup version 0.31-a0-879-g1609e0ac53 (webtiles) character file.

Game seed: 535188832913219901

14 Kurtz the Sneak (level 2, -1/28 HPs)
             Began as a Naga Delver on Oct 14, 2023.
             Slain by a hound zombie (3 damage)
             ... on level 4 of the Dungeon.
             The game lasted 00:00:12 (47 turns).

Kurtz the Sneak (Naga Delver)                         Turns: 47, Time: 00:00:13

Health: -1/28      AC:  2    Str: 14    XL:     2   Next: 41%
Magic:  2/2        EV:  9    Int: 10    God:
Gold:   14         SH:  0    Dex: 12    Spells: 1/1 levels left

rFire   . . .        a - +0 hand axe
rCold   . . .        (no shield)
rNeg    . . .        b - +0 leather armour
rPois   +            (no helmet)
rElec   .            (no cloak)
rCorr   .            (no gloves)
SInv    +            (no barding)
Will    .....        (no amulet)
Stlth   +++          (no ring)
HPRegen 0.24/turn    (no ring)
MPRegen 0.08/turn

%: no passive effects
@: very slow
A: AC +0, large, see invisible, deformed body, poison resistance, slowness 2,
spit poison 1, naga tail 1
a: Spit Poison


You were on level 4 of the Dungeon.
You visited 1 branch of the dungeon, and saw 2 of its levels.

You collected 14 gold pieces.

Inventory:

Hand Weapons
 a - a +0 hand axe (weapon)
Armour
 b - a +0 leather armour (worn)
 h - a +0 cloak
Wands
 g - a wand of digging (3)
Scrolls
 c - a scroll of fog
 d - a scroll of revelation
 e - a scroll of fear
Potions
 f - a potion of haste


   Skills:
 - Level 3.0 Fighting
 * Level 3.0 Axes
 - Level 1.5 Dodging
 - Level 7.2 Stealth


You had one spell level left.
You didn't know any spells.
Your spell library was empty.

Dungeon Overview and Level Annotations

Branches:
Dungeon (5/15)
 Temple: D:4-7

Altars:


Innate Abilities, Weirdness & Mutations

Your serpentine skin is tough. (AC +0)
You have supernaturally acute eyesight. (SInv)
Armour fits poorly on your strangely shaped body.
Your system is resistant to poisons. (rPois)
You cover ground very slowly.
You can spit poison.
You have a snake-like lower body.


Message History

You destroy the hound zombie!
The hound zombie barely misses you.
Your Axes skill increases to level 3!
You have reached level 2!
You slash the hound zombie!
The hound zombie is moderately damaged.
The hound zombie bites you.
* * * LOW HITPOINT WARNING * * *
You hit the hound zombie.
The hound zombie is moderately damaged.
The hound zombie closely misses you. x2
You hit the hound zombie.
The hound zombie is heavily damaged.
The hound zombie closely misses you.
You hit the hound zombie.
The hound zombie is severely damaged.
The hound zombie bites you but does no damage.
The hound zombie bites you.
* * * LOW HITPOINT WARNING * * *
You closely miss the hound zombie.
The hound zombie is severely damaged.
The hound zombie barely misses you.
You hit the hound zombie.
The hound zombie is severely damaged.
The hound zombie bites you.
* * * LOW HITPOINT WARNING * * *
The hound zombie bites you but does no damage.
You hit the hound zombie.
The hound zombie is almost destroyed.
The hound zombie bites you.
* * * LOW HITPOINT WARNING * * *
You hit the hound zombie.
The hound zombie is almost destroyed.
The hound zombie bites you.
* * * LOW HITPOINT WARNING * * *
The hound zombie closely misses you.
You hit the hound zombie but do no damage.
The hound zombie is almost destroyed.
The hound zombie bites you.
You die...

.# .# .# .####
...§§## ##...§...
##.######.§§.§§.#
#....@ZZ.>§§.(§..
##############$.#


You could see a hound zombie and a bullfrog zombie.

Vanquished Creatures
  A hound zombie (D:4)
1 creature vanquished.

Notes
Turn   | Place    | Note
-------+----------+-------------------------------------------
     0 | D:5      | Kurtz the Naga Delver began the quest for the Orb.
     0 | D:5      | Reached XP level 1. HP: 21/21 MP: 1/1
    21 | D:5      | Noticed an ice beast
    39 | D:4      | Reached XP level 2. HP: 9/28 MP: 2/2
    47 | D:4      | Slain by a hound zombie

Illustrated notes

Levels and vault maps discovered:
D:4:      layout_basic, nicolae_sif_muna_condensation, serial_undead,
          serial_undead_a, serial_undead_d, serial_undead_e, serial_undead_c,
          serial_undead_a
D:5:      layout_cave_pods, minmay_manual_maat, uniq_grinder

Skill      XL: |  1 |
---------------+----+-----
Axes           | 3 |  3.0
Fighting       | |  3.0
Dodging        | |  1.5
Stealth        | |  7.2

Action                     || total
---------------------------++-------
  Melee: Hand axe          ||    16
         Punch             ||     1
 Armour: Leather armour    ||    16
  Dodge: Dodged            ||    10

Table legend: (Time is in decaauts)
 A = Elapsed time spent in this place.
 B = Non-inter-level travel time spent in this place.
 C = Inter-level travel time spent in this place.
 D = Time resting spent in this place.
 E = Time spent auto-exploring this place.
 F = Levels seen in this place.
 G = Mean time per level.
                   A        B        C        D        E       F      G
               +--------+--------+--------+--------+--------+-----+--------+
         Total |     60 |     60 |      0 |      0 |      0 |   2 |   30.0 |
       Dungeon |     60 |     60 |      0 |      0 |      0 |   2 |   30.0 |
               +--------+--------+--------+--------+--------+-----+--------+

Top non-repeatable levels by time:
     D:5: 36 daAuts
     D:4: 23 daAuts
